 Dungeon Crawl Stone Soup version 0.31-a0-217-g58bb5d79cf (webtiles) character file.

Game seed: 18231706486467441057

203 qw the Shooter (level 5, -4/45 HPs)
             Began as a Minotaur Hexslinger on July 2, 2023.
             Slain by a sleepcap (7 damage)
             ... on level 4 of the Dungeon.
             The game lasted 00:00:59 (2807 turns).

qw the Shooter (Minotaur Hexslinger)                Turns: 2807, Time: 00:00:59

Health: -4/45      AC:  4    Str: 13    XL:     5   Next: 51%
Magic:  0/5        EV: 12    Int: 10    God:
Gold:   202        SH:  0    Dex: 14    Spells: 5/6 levels left

rFire   + . .        Y - +1 sling
rCold   + . .        (no shield)
rNeg    . . .        m - +2 robe {rF+}
rPois   .            (helmet restricted)
rElec   .            (no cloak)
rCorr   .            (no gloves)
SInv    .            (no boots)
Will    .....        d - amulet of guardian spirit
Stlth   +            c - ring of protection from cold
HPRegen 0.27/turn    (no ring)
MPRegen 0.09/turn

%: guardian spirit
@: no status effects
A: horns 2, retaliatory headbutt
a: no special abilities


You were on level 4 of the Dungeon.
You visited 1 branch of the dungeon, and saw 4 of its levels.

You collected 202 gold pieces.


Innate Abilities, Weirdness & Mutations

You have a pair of horns on your head.
You reflexively headbutt those who attack you in melee.


   Skills:
 - Level 3.0 Fighting
 + Level 5.8 Ranged Weapons
 - Level 2.1 Dodging
 - Level 1.0 Spellcasting
 - Level 2.0 Hexes


You had 5 spell levels left.
You knew the following spells:

 Your Spells              Type           Power      Damage    Failure   Level
a - Slow                  Hex            16%        N/A       16%         1

Your spell library contained the following spells:

 Spells                   Type           Power      Damage    Failure   Level
 Inner Flame              Hex/Fire       2%         N/A       56%         3
 Portal Projectile        Hex/Tloc       4%         N/A       56%         3
 Cause Fear               Hex            2%         N/A       83%         4

Inventory:

Hand Weapons
 Y - a +1 sling (weapon)
Armour
 m - a +2 robe of fire resistance (worn)
Jewellery
 c - a ring of protection from cold (left hand)
 d - an amulet of guardian spirit (around neck)
Scrolls
 a - a scroll of identify
Potions
 f - a potion of ambrosia {unknown}
 g - a potion of degeneration {unknown}
 h - a potion of attraction {unknown}
 j - a potion of cancellation {unknown}
 k - a potion of enlightenment

Dungeon Overview and Level Annotations

Branches:
Dungeon (4/15)
 Temple: D:4-7

Altars:
Dithmenos


Message History

The sleepcap releases spores at you.
You are engulfed in a cloud of soporific spores!
You fall asleep.
The sleepcap releases spores at you!
You wake up.
You shoot a sling bullet. The sling bullet hits the sleepcap.
The sleepcap is heavily damaged.
The sleepcap barely misses you.
You shoot a sling bullet.
The sling bullet hits the sleepcap but does no damage.
The sleepcap is heavily damaged.
The sleepcap releases spores at you.
You shoot a sling bullet.
The sling bullet hits the sleepcap but does no damage.
The sleepcap is heavily damaged.
The sleepcap releases spores at you!
You are engulfed in a cloud of soporific spores!
You are unaffected.
You shoot a sling bullet.
The sling bullet hits the sleepcap but does no damage.
The sleepcap is heavily damaged.
The sleepcap releases spores at you!
You are engulfed in a cloud of soporific spores!
You fall asleep.
The sleepcap releases spores at you.
You wake up.
You shoot a sling bullet.
The sling bullet hits the sleepcap but does no damage.
The sleepcap is heavily damaged.
The sleepcap releases spores at you but does no damage.
You shoot a sling bullet.
The sling bullet hits the sleepcap but does no damage.
The sleepcap is heavily damaged.
The sleepcap releases spores at you but does no damage.
You shoot a sling bullet.
The sling bullet hits the sleepcap but does no damage.
The sleepcap is heavily damaged.
The sleepcap barely misses you.
You shoot a sling bullet. The sling bullet hits the sleepcap.
The sleepcap is severely damaged.
The sleepcap closely misses you. The sleepcap releases spores at you!
You die...

#....#........ #....#........
#....#........ #....#........
#....#........ #....#........
+##...f#........
.......@........
.......#........
.......#........
...#####.........#
#####..#..........#
########......#..........#
#.....#.......##..##.....#
#.....#.......##..##.....######
#.....#.......#................


You could see a sleepcap.

Vanquished Creatures
  2 sleepcaps
  Jessica (D:2)
  6 adders
  A worm (D:2)
  3 dart slugs
  7 endoplasms
  5 giant cockroaches
  6 hobgoblins
  4 jackals (D:2)
  3 quokkas
  2 ball pythons
  5 bats
  3 frilled lizards
  3 goblins
  5 kobolds
  7 rats
63 creatures vanquished.

Notes
Turn   | Place    | Note
-------+----------+-------------------------------------------
     0 | D:1      | qw the Minotaur Hexslinger began the quest for the Orb.
     0 | D:1      | Reached XP level 1. HP: 16/16 MP: 1/1
     0 | D:1      | 0 ||| qw: Version: 0.3-a-40-ge99b1a8
     0 | D:1      | 0 ||| qw: Game counter: 122
     0 | D:1      | 0 ||| qw: Melee chars always use a shield: true
     0 | D:1      | 0 ||| qw: God list: Okawaru
     0 | D:1      | 0 ||| qw: Allow faded altars: false
     0 | D:1      | 0 ||| qw: Do Orc after clearing Dungeon:15 true
     0 | D:1      | 0 ||| qw: Do second Lair branch before Depths: true
     0 | D:1      | 0 ||| qw: Lair rune preference: random
     0 | D:1      | 0 ||| qw: Goals: Normal
     0 | D:1      | 0 ||| PLANNING D:1-11
   272 | D:1      | Reached skill level 3 in Ranged Weapons
   272 | D:1      | Reached XP level 2. HP: 15/23 MP: 2/2
   942 | D:1      | 942 ||| UPGRADING to amulet of guardian spirit.
   947 | D:1      | 947 ||| READING scroll labelled RIDABBALIN.
   952 | D:1      | 952 ||| READING scroll labelled DEAT VELOGGESS.
   953 | D:1      | 953 ||| DROPPING scroll of poison.
  1000 | D:2      | Reached XP level 3. HP: 29/29 MP: 3/3
  1136 | D:2      | Reached skill level 4 in Ranged Weapons
  1339 | D:2      | Noticed Jessica
  1350 | D:2      | HP: 6/29 [Jessica/nerve-wracking pain (11)]
  1351 | D:2      | Killed Jessica
  1352 | D:2      | Reached XP level 4. HP: 8/36 MP: 1/4
  1628 | D:2      | Reached skill level 5 in Ranged Weapons
  1789 | D:2      | 1789 ||| UPGRADING to +0 ring mail.
  1799 | D:2      | 1799 ||| DROPPING +0 robe.
  1800 | D:2      | 1800 ||| UPGRADING to +2 robe of fire resistance.
  1810 | D:2      | 1810 ||| DROPPING +0 ring mail.
  1811 | D:2      | 1811 ||| DROPPING amulet of magic regeneration.
  1812 | D:2      | 1812 ||| DROPPING ring of magical power.
  1813 | D:2      | 1813 ||| READING scroll labelled VUIHAV JOISO.
  2023 | D:3      | Reached skill level 3 in Fighting
  2081 | D:3      | Found a shadowy altar of Dithmenos.
  2186 | D:3      | Reached XP level 5. HP: 45/45 MP: 5/5
  2596 | D:3      | 2596 ||| UPGRADING to ring of protection from cold.
  2597 | D:3      | 2597 ||| READING scroll labelled KEKKOO ANIAFF.
  2598 | D:3      | 2598 ||| READING scroll labelled UWKIFE POSEPP.
  2599 | D:3      | 2599 ||| READING scroll labelled JUSHRO RITO.
  2600 | D:3      | 2600 ||| DRINKING 2 white potions.
  2601 | D:3      | 2601 ||| DRINKING 2 orange potions.
  2640 | D:4      | 2640 ||| STAIRDANCE
  2645 | D:3      | HP: 7/45 [sleepcap (18)]
  2646 | D:3      | 2646 ||| READING scroll of teleportation.
  2647 | D:3      | 2647 ||| DRINKING potion of heal wounds.
  2802 | D:4      | HP: 7/45 [sleepcap (8)]
  2803 | D:4      | HP: 2/45 [sleepcap (5)]
  2807 | D:4      | Slain by a sleepcap

Levels and vault maps discovered:
D:1:      heliophobic_arrival_henge, layout_basic, minmay_misc_feat_ornament
D:2:      layout_basic, nrook_mini_vaults, uniq_jessica
D:3:      layout_basic, mainiacjoe_overflow_six_doors_small, st_stairs_13,
          grunt_ministairs_14
D:4:      layout_gridville, grunt_temple_overflow_growth_and_decay

Skill      XL: |  1  2  3  4 |
---------------+-------------+-----
Ranged Weapons | 3 4 5 |  5.8
Fighting       | 2 3 |  3.0
Dodging        | |  2.1
Spellcasting   | |  1.0
Hexes          | |  2.0

Action                     |  1- 3 |  4- 6 || total
---------------------------+-------+-------++-------
   Fire: Sling             |   107 |    99 ||   206
    Use: Scroll            |     2 |     5 ||     7
         Potion            |       |     3 ||     3
 Armour: Robe              |     7 |     6 ||    13
  Dodge: Dodged            |    29 |    24 ||    53

Table legend:
 A = Non-vault XP
 B = Vault XP
 C = Vault XP percentage of total XP
 D = Non-vault monster count
 E = Vault monster count
 F = Vault count percentage of total count
                 A         B        C        D         E       F
            +---------+---------+-------+---------+---------+-------
      Total |     227 |      64 |  22.0 |      59 |       4 |   6.3
            +---------+---------+-------+---------+---------+-------
        D:1 |      36 |       0 |   0.0 |      22 |       0 |   0.0
        D:2 |      65 |      37 |  36.3 |      27 |       1 |   3.6
        D:3 |      89 |      27 |  23.3 |       9 |       3 |  25.0
        D:4 |      37 |       0 |   0.0 |       1 |       0 |   0.0
            +---------+---------+-------+---------+---------+-------
